 Dungeon Crawl Stone Soup version 0.21.1-1-g345015f (webtiles) character file.

105 letownia2 the Conjurer (level 4, 0/24 HPs)
             Began as a Tengu Wizard on Mar 6, 2018.
             Slain by an orc
             ... wielding a +0 club
              (4 damage)
             ... on level 3 of the Dungeon.
             The game lasted 00:03:24 (707 turns).

letownia2 the Conjurer (Tengu Wizard)                Turns: 707, Time: 00:03:24

Health: 0/24       AC:  3    Str:  7    XL:     4   Next: 83%
Magic:  8/9        EV: 11    Int: 20    God:
Gold:   73         SH:  0    Dex: 12    Spells: 3/9 levels left

rFire    . . .     SeeInvis .   i - +0 dagger
rCold    . . .     Gourm    .   (no shield)
rNeg     . . .     Faith    .   g - +0 leather armour
rPois    .         Spirit   .   b - +0 hat
rElec    .         Reflect  .   (no cloak)
rCorr    .         Harm     .   (no gloves)
MR       .....                  (boots unavailable)
Stlth    ++........             (no amulet)
HPRegen  0.08/turn              (no ring)
MPRegen  0.11/turn              (no ring)

@: no status effects
A: beak, talons 3
a: no special abilities


You were on level 3 of the Dungeon.
You were not hungry.

You visited 1 branch of the dungeon, and saw 4 of its levels.

You collected 73 gold pieces.

Inventory:

Hand Weapons
 i - a +0 dagger (weapon)
Missiles
 n - 4 tomahawks (quivered)
Armour
 a - a +0 robe
 b - a +0 hat (worn)
 g - a +0 leather armour (worn)
Scrolls
 e - a scroll of teleportation {unknown}
 f - 4 scrolls of magic mapping {unknown}
 j - a scroll of fog {unknown}
 l - 2 scrolls of remove curse {unknown}
 m - 3 scrolls of identify {unknown}
 p - a scroll of fear {unknown}
Potions
 h - a potion of heal wounds {unknown}
 k - 2 potions of brilliance {unknown}
Books
 c - a book of Minor Magic

   Spells                             Type                      Level
   a - Magic Dart                     Conjuration                  1
   b - Blink                          Translocation                2
   c - Call Imp                       Summoning                    2
   d - Slow                           Hexes                        2
   e - Conjure Flame                  Conjuration/Fire             3
   f - Mephitic Cloud                 Conjuration/Poison/Air       3
Comestibles
 d - a ration
 o - 3 chunks of flesh


   Skills:
 - Level 2.1 Dodging
 - Level 2.0 Stealth
 - Level 3.0 Spellcasting
 - Level 5.9 Conjurations
 - Level 1.2 Summonings
   Level 0.7 Translocations
 + Level 0.2 Air Magic


You had 3 spell levels left.
You knew the following spells:

 Your Spells              Type           Power        Failure   Level  Hunger
a - Magic Dart            Conj           ####         1%          1    None
e - Mephitic Cloud        Conj/Pois/Air  ##......     28%         3    ###....
i - Call Imp              Summ           #.......     21%         2    ##.....


Dungeon Overview and Level Annotations

Branches:
Dungeon (4/15)
 Temple: D:4-7

Altars:


Innate Abilities, Weirdness & Mutations

You have a beak for a mouth.
You have claws for feet.


Message History

The frilled lizard bites you.
You hit the frilled lizard.
You kill the frilled lizard!
No target in view!
No target in view!
There is a stone staircase leading up here.
You climb upwards.
The orc priest shouts!
The adder hisses angrily. 2 orcs come into view.
The orc shouts! x2; The frilled lizard hisses angrily.
You hear a shout! x2
The orc wizard casts a spell at you. The magic dart hits you!
The orc priest hits you with a hand axe!
* * * LOW HITPOINT WARNING * * *
A goblin and an orc priest come into view.
There is a stone staircase leading down here.
The orc priest moves out of view.
The frilled lizard bites you but does no damage.
The orc hits you with a club.
You die...

.......##.>##
..###...#..### .#.###.
†######......####.....g.
.....##.................
........>...............
###...#.>...............
...................S..
.....###.......ol..#
.....# .........@oo#
...... .###.....o...g.#
.....### #.........###
.....# #.$.......#
.....# #.........#
.....# ###########


You could see an orc priest, an orc wizard, a gnoll, an adder, 2 orcs, a goblin
and a frilled lizard.

Vanquished Creatures
  A scorpion (D:4)
  A howler monkey skeleton (D:4)
  An adder (D:2)
  2 dart slugs (D:1)
  An orc (D:3)
  A ball python (D:1)
  A bat (D:2)
  2 goblins
  3 hobgoblins
  6 jackals
  3 kobolds (D:2)
  2 quokkas
  3 frilled lizards
  3 rats (D:2)
30 creatures vanquished.

Notes
Turn   | Place    | Note
-------+----------+-------------------------------------------
     0 | D:1      | letownia2 the Tengu Wizard began the quest for the Orb.
     0 | D:1      | Reached XP level 1. HP: 10/10 MP: 5/5
    41 | D:1      | Reached skill level 2 in Conjurations
    59 | D:1      | Reached XP level 2. HP: 4/15 MP: 0/7
   143 | D:1      | Reached skill level 3 in Conjurations
   197 | D:2      | Learned a level 2 spell: Call Imp
   302 | D:2      | Reached XP level 3. HP: 10/19 MP: 0/8
   308 | D:2      | Reached skill level 4 in Conjurations
   314 | D:2      | Learned a level 3 spell: Mephitic Cloud
   592 | D:4      | Noticed a scorpion
   613 | D:4      | Killed a scorpion
   613 | D:4      | Reached skill level 5 in Conjurations
   613 | D:4      | Reached XP level 4. HP: 18/24 MP: 1/9
   707 | D:3      | Slain by an orc

Skill      XL: |  1  2  3 |
---------------+----------+-----
Conjurations   | 2 3 5 |  5.9
Dodging        | |  2.1
Stealth        | |  2.0
Spellcasting   | |  3.0
Summonings     | |  1.2
Translocations | |  0.7
Air Magic      | |  0.2

Action                   |  1- 3 |  4- 6 || total
-------------------------+-------+-------++-------
Melee: Unarmed           |    16 |       ||    16
       Kick              |    11 |       ||    11
       Peck              |     2 |       ||     2
       Dagger            |    27 |     8 ||    35
Throw: Tomahawk          |     4 |       ||     4
 Cast: Magic Dart        |    45 |     3 ||    48
       Call Imp          |     1 |       ||     1
       Mephitic Cloud    |     2 |       ||     2
 Stab: Sleeping          |     2 |       ||     2
Armor: Robe              |     4 |       ||     4
       Leather armour    |     8 |     3 ||    11
Dodge: Dodged            |    37 |     3 ||    40
